Map: Misty Swamp

Players

SEBOLLAN

  • Race: Protoss Protoss
  • Spawn Location: 9:00

ARz

  • Race: Terran Terran
  • Spawn Location: 12:00

compañere

  • Race: Terran Terran
  • Spawn Location: 9:00

xBenx - Winner!

  • Race: Zerg Zerg
  • League: Gold
  • Spawn Location: 12:00

dwduck - Winner!

  • Race: Terran Terran
  • Spawn Location: 3:00

WarpigxxxL - Winner!

  • Race: Zerg Zerg
  • Spawn Location: 3:00

VOD

Have the link to the VOD?

Description

xBenx, WarpigxxxL, dwduck, vs compañere, ARz, SEBOLLAN

Time

  • Played on: April 3, 2024, 3:51 p.m.
  • Length: 11:27
Show
View Real Time Build Order
Export as new Build Order

SEBOLLAN Protoss 

Build Orders:  

Get SALT Encoding   

  12  0:12  Pylon  
  12  0:32  Forge  
  12  1:27  Probe  
  13  2:30  Pylon  
  12  3:15  Gateway  
  12  3:53  Nexus  
  12  4:08  Photon Cannon  
  12  4:16  Photon Cannon  
  12  4:21  Photon Cannon  
  12  4:27  Photon Cannon  
  12  4:35  Photon Cannon  
  12  4:59  Pylon  
  12  5:19  Photon Cannon  
  12  5:29  Assimilator  
  12  5:36  Assimilator  
  12  5:43  Photon Cannon  
  12  6:00  Pylon  
  12  6:08  Pylon  
  12  6:25  Photon Cannon  
  12  6:28  Photon Cannon  
  12  6:32  Photon Cannon  
  12  6:43  Photon Cannon  
  12  7:01  Zealot  
  14  7:10  Probe  
  15  7:22  Probe  
  16  7:28  Zealot  
  18  7:34  Probe  
  19  7:47  Photon Cannon  
  19  7:53  Photon Cannon  
  19  7:55  Zealot  
  21  8:19  Photon Cannon  
  21  8:26  Photon Cannon  
  21  8:31  Photon Cannon  
  21  8:45  Pylon  
  21  9:09  Photon Cannon  
  21  9:16  Photon Cannon  
  21  9:19  Photon Cannon  
  21  9:22  Photon Cannon  
  21  9:26  Photon Cannon  
  21  9:29  Photon Cannon  
  21  9:36  Photon Cannon  
  19  10:21  Pylon  
  19  10:23  Pylon  
  19  10:27  Pylon  
  17  10:36  Photon Cannon  
  17  10:40  Photon Cannon  
  17  10:43  Photon Cannon  
  17  10:58  Photon Cannon  
  17  11:07  Photon Cannon  
Show
View Real Time Build Order
Export as new Build Order

ARz Terran 

Build Orders:  

Get SALT Encoding   

  12  0:36  Supply Depot  
  12  0:45  Supply Depot  
  12  1:14  Supply Depot  
  12  1:40  Supply Depot  
  12  1:55  Command Center  
  12  2:10  Supply Depot  
  12  2:35  SCV  
  13  2:47  SCV  
  13  2:50  Barracks  
  14  2:59  SCV  
  15  3:11  SCV  
  16  3:14  SCV  
  17  3:24  SCV  
  17  3:26  SCV  
  19  3:31  Engineering Bay  
  19  3:48  Marine  
  19  3:54  Barracks  
  20  4:06  Marine  
  21  4:12  Missile Turret  
  20  4:24  Marine  
  21  4:41  Marine  
  22  4:51  Missile Turret  
  22  4:52  Refinery  
  22  4:53  Orbital Command  
  22  4:59  Marine  
  23  5:03  Refinery  
  21  5:26  Barracks, Marine x2  
  23  5:36  Barracks  
  23  5:44  Marine x2  
  23  5:45  SCV  
  26  5:57  SCV  
  26  6:01  Marine  
  26  6:02  Marine  
  27  6:19  Marine x2  
  29  6:27  Hi-Sec Auto Tracking  
  29  6:37  Marine x2  
  29  6:38  Marine x2  
  33  6:55  Marine x2  
  33  6:56  Marine x2  
  37  7:09  Refinery  
  37  7:13  Marine x2  
  37  7:14  Marine x2  
  35  7:24  Neosteel Armor  
  30  7:30  Marine  
  30  7:31  Marine  
  30  7:32  Marine x2  
  20  7:56  SCV  
  21  8:17  Missile Turret  
  21  8:43  Marine x4  
  25  8:56  Missile Turret  
  25  9:01  Marine x4  
Show
View Real Time Build Order
Export as new Build Order

compañere Terran 

Build Orders:  

Get SALT Encoding   

  12  0:07  SCV  
  13  0:27  SCV  
  13  0:28  Supply Depot  
  14  0:39  SCV  
  15  0:51  Supply Depot  
  15  0:52  SCV  
  16  1:04  SCV  
  16  1:11  Refinery  
  17  1:14  Supply Depot  
  17  1:17  SCV  
  18  1:29  Barracks, SCV  
  19  1:37  Supply Depot  
  19  1:41  SCV  
  20  1:53  SCV  
  21  2:03  Refinery  
  21  2:05  SCV  
  22  2:11  Barracks  
  22  2:17  Barracks, SCV  
  22  2:22  Barracks Reactor  
  23  2:29  SCV  
  24  2:41  SCV  
  25  2:53  SCV  
  26  2:59  Engineering Bay  
  26  3:01  Barracks Reactor  
  26  3:02  Marine  
  26  3:03  Marine  
  28  3:07  Barracks Tech Lab  
  28  3:15  Supply Depot  
  28  3:20  Marine x2  
  28  3:26  Terran Infantry Weapons Level 1  
  30  3:35  Missile Turret  
  30  3:38  Marine x2  
  30  3:39  Orbital Command  
  32  3:48  Supply Depot  
  32  3:56  Marine x2  
  34  4:11  Bunker  
  34  4:14  Marine x2  
  36  4:32  Marine x2  
  38  4:42  Combat Shield  
  38  4:49  Marine x2  
  38  4:51  Marine  
  41  5:01  Missile Turret  
  41  5:07  Marine x2  
  41  5:09  Marine  
  41  5:13  Missile Turret  
  44  5:20  Terran Infantry Armor Level 1  
  44  5:25  Marine x2  
  44  5:27  Marine  
  47  5:35  Missile Turret  
  47  5:38  Factory  
  47  5:50  Command Center  
  47  5:58  Missile Turret  
  47  6:17  Marine x2  
  47  6:18  Missile Turret  
  49  6:24  Factory Tech Lab, Factory  
  49  6:35  Marine x2  
  51  6:51  Missile Turret  
  51  6:53  Siege Tank, Marine x2  
  56  6:58  Missile Turret  
  56  7:10  Marine  
  56  7:11  Marine  
  56  7:12  Factory Tech Lab  
  56  7:14  Neosteel Armor  
  58  7:26  Siege Tank  
  58  7:28  Marine x2  
  62  7:41  Missile Turret  
  62  7:46  Marine x2  
  62  7:48  SCV  
  65  7:58  Siege Tank  
  68  8:00  SCV  
  68  8:03  Siege Tank  
  72  8:12  SCV  
  73  8:24  SCV  
  74  8:30  Siege Tank  
  77  8:36  SCV  
  78  8:54  Hi-Sec Auto Tracking  
  78  8:57  Supply Depot  
  78  9:08  Armory  
  78  9:18  SCV  
  78  9:20  Supply Depot  
  79  9:30  SCV  
  80  9:34  Missile Turret  
  80  9:43  Supply Depot, SCV  
  81  9:46  Marine  
  81  9:47  Marine  
  83  9:55  Missile Turret, SCV  
  83  9:59  Starport  
  84  10:04  Marine x2  
  86  10:07  SCV  
  86  10:09  Refinery  
  86  10:11  Refinery  
  87  10:15  Siege Tank  
  87  10:19  SCV  
  87  10:21  Supply Depot  
  91  10:22  Marine x2  
  93  10:31  SCV  
  94  10:40  Marine x2  
  96  10:43  SCV  
  96  10:44  Supply Depot  
  96  10:47  Siege Tank  
Show
View Real Time Build Order
Export as new Build Order

xBenx Zerg - Winner!

Build Orders: Pool First 

Get SALT Encoding   

  12  0:04  Drone  
  13  0:15  Overlord  
  13  0:22  Drone  
  14  0:37  Drone  
  15  0:48  Drone  
  16  0:52  Drone  
  16  0:53  Drone  
  18  1:14  Drone x2  
  18  1:17  Spawning Pool  
  19  1:26  Hatchery  
  18  1:41  Drone x2  
  18  1:44  Extractor  
  18  1:45  Drone  
  20  1:51  Extractor  
  20  2:00  Drone  
  21  2:07  Drone  
  22  2:15  Overlord  
  22  2:32  Queen  
  22  2:33  Baneling Nest  
  22  2:34  Extractor  
  22  2:35  Zergling x4  
  24  2:58  Zergling x8  
  28  3:12  Hatchery  
  27  3:17  Drone x2  
  27  3:18  Drone  
  27  3:19  Drone  
  31  3:20  Queen  
  33  3:35  Lair  
  33  3:36  Drone  
  32  3:49  Metabolic Boost  
  32  3:54  Drone x3  
  35  3:56  Drone  
  36  4:25  Zergling x2, Queen  
  36  4:28  Drone x3  
  42  4:40  Overlord x2  
  42  4:42  Baneling x6  
  42  4:43  Extractor  
  42  4:44  Drone  
  42  4:50  Infestation Pit  
  42  4:51  Drone  
  42  4:52  Overlord  
  42  5:10  Zergling x6  
  45  5:16  Drone x3  
  45  5:20  Drone x4, Spore Crawler  
  45  5:21  Spore Crawler  
  50  5:24  Overlord  
  50  5:33  Nydus Network  
  49  5:41  Queen  
  51  5:43  Drone x2  
  51  5:44  Zergling x2  
  51  5:47  Drone  
  55  6:07  Hatchery  
  54  6:12  Centrifugal Hooks  
  54  6:16  Zergling x2  
  54  6:17  Zergling x10  
  60  6:25  Spine Crawler  
  59  6:27  Spore Crawler  
  59  6:47  Drone x8  
  59  6:48  Drone x4  
  70  6:57  Nydus Canal  
  70  7:03  Baneling x2  
  70  7:04  Queen  
  70  7:08  Extractor, Drone x2  
  73  7:15  Nydus Canal, Evolution Chamber  
  65  7:54  Hive  
  65  7:58  Extractor  
  65  7:59  Drone x3, Extractor  
  66  8:07  Overseer  
  66  8:09  Overlord x2  
  66  8:13  Zergling x16  
  66  8:14  Zergling x12  
  66  8:16  Overlord x2  
  80  8:27  Drone x3  
  80  8:28  Drone x3  
  86  8:36  Queen  
  86  8:37  Spore Crawler  
  86  8:39  Drone x2, Spore Crawler  
  88  8:52  Nydus Network  
  87  8:55  Hatchery  
  87  8:56  Burrow  
  87  8:58  Drone x4  
  87  8:59  Drone x2  
  92  9:09  Hatchery  
  91  9:27  Baneling x2  
  91  9:32  Zerg Melee Weapons Level 1  
  91  9:36  Evolution Chamber  
  90  9:41  Drone x3, Evolution Chamber  
  90  9:43  Nydus Canal  
  92  9:55  Nydus Canal  
  92  9:57  Overseer, Overlord x2  
  92  9:58  Pneumatized Carapace  
  92  10:03  Baneling  
  92  10:04  Baneling x14  
  92  10:15  Nydus Canal  
  85  10:23  Overseer, Overlord x2  
  85  10:25  Overseer  
  85  10:27  Drone, Queen  
  87  10:35  Nydus Canal  
  80  10:52  Nydus Canal  
  80  10:55  Nydus Canal  
  78  11:01  Zergling x2  
  78  11:02  Zergling x38  
  78  11:03  Zergling x42  
  120  11:11  Nydus Canal  
Show
View Real Time Build Order
Export as new Build Order

dwduck Terran - Winner!

Build Orders:  

Get SALT Encoding   

  12  0:02  SCV  
  13  0:45  Supply Depot  
  13  0:56  SCV  
  14  1:04  Refinery  
  14  1:08  Supply Depot  
  14  1:09  SCV  
  15  1:20  Barracks  
  15  1:21  SCV  
  16  1:33  Supply Depot, SCV  
  17  1:42  Refinery  
  17  2:08  Barracks  
  17  2:14  Command Center  
  17  2:20  Supply Depot  
  17  2:44  Supply Depot  
  17  3:37  Supply Depot  
  17  3:44  Supply Depot  
  17  3:54  Barracks Tech Lab  
  17  4:01  Barracks Tech Lab  
  17  4:04  Supply Depot  
  17  4:26  SCV  
  19  4:38  SCV  
  19  4:50  SCV  
  20  4:57  Factory  
  20  4:58  Factory  
  20  5:02  SCV  
  21  5:07  SCV  
  22  5:14  SCV  
  24  5:26  SCV  
  24  5:33  Engineering Bay  
  24  5:38  SCV  
  24  5:39  SCV  
  26  5:50  SCV  
  26  5:51  Marauder x2  
  26  5:57  Factory Tech Lab  
  31  6:00  Factory Tech Lab  
  31  6:02  SCV  
  33  6:11  SCV  
  33  6:12  Marauder x2  
  33  6:14  SCV  
  38  6:23  SCV  
  39  6:27  Refinery  
  39  6:28  Planetary Fortress  
  39  6:35  SCV  
  40  6:45  Siege Tank  
  40  6:46  Siege Tank  
  46  6:47  SCV  
  47  6:59  SCV  
  48  7:16  SCV  
  48  7:17  Siege Tank  
  52  7:28  SCV  
  53  7:40  SCV  
  54  7:52  SCV  
  55  8:16  Hurricane Engines  
  55  8:21  Terran Infantry Armor Level 1  
  55  8:33  Command Center  
  55  8:41  Orbital Command  
  55  8:46  Siege Tank  
  58  8:49  Marine x2  
  60  9:07  Marine x2  
  62  9:22  Starport  
  62  9:24  Marine  
  62  9:25  Marine  
  64  9:42  Marine x2  
  66  9:55  Infernal Pre-Igniter  
  66  9:59  Starport  
  66  10:00  Marine x2  
  68  10:15  SCV  
  69  10:28  SCV  
  70  10:38  Starport Tech Lab x2  
  70  10:40  SCV  
  71  10:52  SCV  
  71  10:56  Fusion Core  
  73  11:04  Armory, SCV  
  73  11:10  SCV  
Show
View Real Time Build Order
Export as new Build Order

WarpigxxxL Zerg - Winner!

Build Orders: Pool First 

Get SALT Encoding   

  12  0:03  Drone  
  13  0:11  Drone  
  14  0:18  Overlord  
  14  0:42  Spawning Pool  
  13  0:43  Drone x2  
  13  0:45  Drone  
  16  0:58  Drone  
  18  1:11  Drone  
  18  1:17  Drone, Extractor  
  18  1:30  Drone  
  19  1:45  Drone  
  20  1:53  Zergling x2  
  21  2:05  Extractor, Queen  
  21  2:06  Overlord  
  22  2:31  Drone x3  
  25  2:57  Zergling x4  
  27  2:58  Metabolic Boost  
  27  3:00  Queen  
  29  3:33  Zergling x2  
  30  3:34  Overlord  
  30  3:52  Zergling x4, Queen  
  34  4:17  Drone x4  
  38  4:29  Overlord x2  
  38  4:40  Lair  
  38  4:42  Overlord  
  38  4:52  Drone  
  39  4:59  Drone x4  
  43  5:02  Hatchery  
  42  5:14  Drone  
  42  5:15  Roach Warren  
  42  5:25  Zergling x4  
  44  5:33  Drone x2  
  46  5:39  Zergling x2  
  46  5:40  Hatchery  
  46  5:53  Zergling x2  
  49  5:57  Roach x3  
  53  6:15  Burrow  
  53  6:17  Roach x3  
  59  6:25  Drone x2  
  60  6:26  Drone x3  
  60  6:31  Queen  
  66  6:44  Nydus Network  
  65  6:55  Roach  
  67  7:01  Drone x2  
  67  7:02  Drone  
  67  7:05  Overlord  
  70  7:13  Drone x4  
  74  7:28  Roach x4  
  74  7:29  Overlord x2  
  81  7:35  Hatchery  
  72  7:42  Roach  
  72  7:43  Roach x4  
  81  7:50  Ravager x4  
  81  7:51  Ravager  
  86  7:53  Queen  
  86  7:55  Roach x3  
  94  8:14  Roach  
  94  8:15  Drone, Overlord  
  94  8:16  Overlord x4  
  96  8:41  Roach x3  
  96  8:42  Roach x4  
  108  8:52  Spore Crawler x2  
  106  8:56  Spore Crawler x2  
  106  9:01  Pneumatized Carapace  
  104  9:03  Roach x7  
  118  9:20  Glial Reconstitution  
  118  9:31  Nydus Canal  
  118  9:39  Roach x4  
  118  9:44  Roach x5  
  118  9:45  Roach x4  
  118  10:12  Nydus Canal  
  110  10:36  Roach x3  
  110  10:37  Roach x5  
  126  10:54  Extractor  
  126  10:55  Extractor  
  124  10:58  Extractor  
  124  11:01  Nydus Canal  
  131  11:15  Extractor  
Tags
 
Add a new tag
Caveats
  • Supply blocks, unpowered buildings, or Contaminate may cause inaccurate times.
  • Supply counts are checked every 10 seconds.